 Dungeon Crawl Stone Soup version 0.27.1-1-g398f81649c (webtiles) character file.

Game seed: 2511688231274830082

2636 Naeght the Spear-Bearer (level 9, 0/71 HPs)
             Began as a Merfolk Gladiator on Sept 8, 2021.
             Was an Elder of Nemelex Xobeh.
             Slain by a yak (6 damage)
             ... on level 8 of the Dungeon on Sept 9, 2021.
             The game lasted 00:17:11 (9698 turns).

Naeght the Spear-Bearer (Merfolk Gladiator)         Turns: 9698, Time: 00:17:11

Health: 0/71       AC:  7    Str: 16    XL:     9   Next: 61%
Magic:  13/13      EV: 15    Int:  8    God:    Nemelex Xobeh [****..]
Gold:   380        SH:  8    Dex: 16    Spells: 8/8 levels left

rFire    . . .     SeeInvis +   F - +2 spear (vorpal)
rCold    . . .     Faith    .   J - +0 buckler
rNeg     . . .     Spirit   .   I - +0 acid dragon scales
rPois    .         Reflect  +   c - +0 helmet
rElec    .         Harm     .   (no cloak)
rCorr    +         Rampage  .   (no gloves)
Will     +....                  (no boots)
Stlth    +.........             u - amulet of reflection
HPRegen  0.21/turn              i - ring of willpower
MPRegen  0.13/turn              A - ring of see invisible

@: no status effects
A: (nimble swimmer 2), mertail
a: Renounce Religion, Draw Escape, Draw Destruction, Draw Summoning, Triple
Draw, Deal Four


You were on level 8 of the Dungeon.
You worshipped Nemelex Xobeh.
Nemelex Xobeh was greatly pleased with you.
You visited 1 branch of the dungeon, and saw 8 of its levels.

You collected 380 gold pieces.

Inventory:

Hand Weapons
 F - a +2 vorpal spear (weapon)
Missiles
 d - 3 throwing nets (quivered)
Armour
 c - a +0 helmet (worn)
 I - +0 acid dragon scales (worn)
 J - a +0 buckler (worn)
Jewellery
 i - a ring of willpower (left hand)
 q - a ring of positive energy
 u - an amulet of reflection (around neck)
 w - a ring of wizardry
 A - a ring of see invisible (right hand)
 H - a ring of positive energy
Scrolls
 f - 6 scrolls of identify {unknown}
 k - a scroll of amnesia {unknown}
 l - 2 scrolls of enchant weapon {unknown}
 m - a scroll of teleportation {unknown}
 p - a scroll of noise {unknown}
 x - 3 scrolls of fear
 y - a scroll of torment {unknown}
 z - 4 scrolls of fog {unknown}
 E - 2 scrolls of blinking {unknown}
 L - 2 scrolls of magic mapping {unknown}
Potions
 e - a potion of invisibility {unknown}
 g - 2 potions of attraction {unknown}
 h - 3 potions of berserk rage {unknown}
 j - a potion of haste {unknown}
 n - 2 potions of flight {unknown}
 o - 2 potions of lignification {unknown}
 r - a potion of curing
 s - a potion of magic {unknown}
 t - a potion of brilliance {unknown}
 B - a potion of heal wounds {unknown}
 C - a potion of resistance {unknown}
 G - a potion of mutation {unknown}
 K - a potion of degeneration {unknown}


   Skills:
 + Level 6.5 Fighting
 * Level 11.7 Polearms
 - Level 2.0 Throwing
 * Level 2.2 Armour
 + Level 8.3 Dodging
 + Level 5.6 Invocations


You had 8 spell levels left.
You didn't know any spells.
Your spell library contained the following spells:

 Spells                   Type           Power      Damage    Failure   Level
 Sandblast                Erth           0%         2d4       69%         1
 Blink                    Tloc           N/A        N/A       83%         2
 Passwall                 Tmut/Erth      0%         N/A       83%         2
 Static Discharge         Conj/Air       0%         N/A       83%         2
 Conjure Flame            Conj/Fire      0%         6-21      96%         3
 Ignite Poison            Fire/Tmut/Pois 0%         N/A       96%         3
 Lesser Beckoning         Tloc           0%         N/A       96%         3
 Mephitic Cloud           Conj/Pois/Air  0%         N/A       96%         3
 Dispel Undead            Necr           0%         3d6       100%        4
 Olgreb's Toxic Radiance  Pois           0%         N/A       100%        4
 Sticky Flame             Conj/Fire      0%         2d3       100%        4
 Summon Lightning Spire   Summ/Air       0%         N/A       100%        4
 Alistair's Intoxication  Tmut/Pois      0%         N/A       100%        5
 Bolt of Magma            Conj/Fire/Erth 0%         4d4       100%        5
 Lee's Rapid Deconstruct  Erth           0%         3d5*      100%        5
 Manifold Assault         Tloc           0%         N/A       100%        5
 Monstrous Menagerie      Summ           0%         N/A       100%        7
 Ozocubu's Refrigeration  Ice            0%         4d5       100%        7
 Ignition                 Fire           0%         3d3       100%        8


Dungeon Overview and Level Annotations

Branches:
Dungeon (7/15)             Temple (0/1) D:5            Lair (0/6) D:8

Altars:
Elyvilon
Hepliaklqana
Nemelex Xobeh
Ru
Sif Muna
Vehumet
Xom

Shops:
D:4 *


Innate Abilities, Weirdness & Mutations

((You are quick and stealthy near water. (Stealth+, EV+, Speed+++)))
Your lower body shifts to a powerful aquatic tail in water.


Message History

Reach: F) +2 spear (vorpal)
Press: ? - help, Dir - move target, f/p - yak
Aim: a yak (heavily wounded, about 21% to evade your +2 vorpal spear)
You reach to attack!
You hit the yak but do no damage.
The yak is heavily wounded.
Unknown command.
Reach: F) +2 spear (vorpal)
Press: ? - help, Dir - move target, f/p - yak
Aim: a yak (heavily wounded, about 21% to evade your +2 vorpal spear)
You reach to attack!
You hit the yak but do no damage.
The yak is heavily wounded.
Okay, then.
Okay, then.
You are too injured to fight recklessly!
You are too injured to fight recklessly!
You are too injured to fight recklessly!
You are too injured to fight recklessly!
You are too injured to fight recklessly!
You are too injured to fight recklessly!
You are too injured to fight recklessly!
You are too injured to fight recklessly!
You are too injured to fight recklessly!
You are too injured to fight recklessly!
You are too injured to fight recklessly!
You are too injured to fight recklessly!
You are too injured to fight recklessly!
You are too injured to fight recklessly!
You are too injured to fight recklessly!
You are too injured to fight recklessly!
You are too injured to fight recklessly!
You are too injured to fight recklessly!
You are too injured to fight recklessly!
You are too injured to fight recklessly!
You are too injured to fight recklessly!
You are too injured to fight recklessly!
The yak gores you!
* * * LOW HITPOINT WARNING * * *
The yak gores you.
You die...
Your body disappears without a glow.

### #># #.# # ### #.# ####
#..##### #.##########...
#......#####.......#......
#.........#............###
#####..................###
####.@...............#
#...YY.Y............
#..Y................
##........>.........
#..................
##..............###
#....############ ##.###
###


You could see 4 yaks.

Vanquished Creatures
  Grinder (D:3)
  A yak (D:8)
  An acid dragon (D:6)
  2 sky beasts
  2 black bears
  2 centaurs
  4 scorpions
  16 killer bees (D:8)
  A howler monkey (D:6)
  A bullfrog zombie (D:6)
  An orc priest (D:5)
  A centaur skeleton (D:7)
  A gnoll shaman (D:6)
  A bullfrog skeleton (D:5)
  4 hounds
  2 iguanas
  A statue (D:5)
  A killer bee zombie (D:5)
  A howler monkey zombie (D:6)
  A howler monkey skeleton (D:7)
  12 adders
  9 gnolls
  A white imp (D:6)
  2 ufetubi
  An adder skeleton (D:4)
  2 worms
  4 dart slugs
  14 orcs
  5 ball pythons
  2 bats (D:1)
  6 endoplasms
  10 giant cockroaches
  9 goblins
  13 hobgoblins
  2 jackals (D:1)
  5 kobolds
  5 quokkas
  4 frilled lizards (D:2)
  3 rats
  A spectral hobgoblin (D:3)
155 creatures vanquished.

Vanquished Creatures (others)
  3 orcs (D:5)
  4 plants (D:8)
7 creatures vanquished.

Grand Total: 162 creatures vanquished

Notes
Turn   | Place    | Note
-------+----------+-------------------------------------------
     0 | D:1      | Naeght the Merfolk Gladiator began the quest for the Orb.
     0 | D:1      | Reached XP level 1. HP: 16/16 MP: 1/1
   214 | D:1      | Reached XP level 2. HP: 9/23 MP: 2/2
   501 | D:1      | Reached skill level 5 in Polearms
   709 | D:1      | Reached XP level 3. HP: 28/28 MP: 3/3
  1178 | D:2      | Found a faded altar of an unknown god.
  1199 | D:2      | Became a worshipper of Nemelex Xobeh the Trickster
  1199 | D:2      | Reached * piety under Nemelex Xobeh
  1199 | D:2      | Received a gift from Nemelex Xobeh
  1511 | D:2      | Reached XP level 4. HP: 24/35 MP: 4/4
  1568 | D:2      | Reached skill level 6 in Polearms
  1759 | D:2      | Reached skill level 1 in Invocations
  2365 | D:2      | Reached XP level 5. HP: 24/41 MP: 5/5
  2589 | D:2      | Reached skill level 5 in Dodging
  3082 | D:3      | Found a shimmering altar of Xom.
  3166 | D:3      | Reached ** piety under Nemelex Xobeh
  3215 | D:3      | Noticed Grinder
  3523 | D:3      | Paralysed by Grinder for 3 turns
  3530 | D:3      | Killed Grinder
  3531 | D:3      | Reached skill level 7 in Polearms
  3531 | D:3      | Reached XP level 6. HP: 20/48 MP: 7/7
  3806 | D:3      | Received a gift from Nemelex Xobeh
  3828 | D:3      | Found a hazy altar of Hepliaklqana.
  4481 | D:4      | Reached XP level 7. HP: 52/54 MP: 9/9
  4550 | D:4      | Reached skill level 8 in Polearms
  4790 | D:4      | Found Wusaul's Mass Market.
  5176 | D:4      | Reached *** piety under Nemelex Xobeh
  5403 | D:5      | Entered Level 5 of the Dungeon
  5443 | D:5      | Found a staircase to the Ecumenical Temple.
  5484 | D:5      | Reached skill level 9 in Polearms
  5837 | D:5      | Received a gift from Nemelex Xobeh
  5858 | D:5      | Found a radiant altar of Vehumet.
  5876 | D:5      | Reached XP level 8. HP: 34/61 MP: 10/10
  6037 | D:5      | Reached skill level 5 in Fighting
  6425 | D:5      | Found a sacrificial altar of Ru.
  6429 | D:5      | Found a shimmering blue altar of Sif Muna.
  6791 | D:5      | Found a white marble altar of Elyvilon.
  7121 | D:6      | Got Sif Muna's Disquisition on Creative Poison
  7148 | D:6      | Reached skill level 10 in Polearms
  7606 | D:6      | Received a gift from Nemelex Xobeh
  7634 | D:6      | Reached **** piety under Nemelex Xobeh
  7787 | D:6      | Reached XP level 9. HP: 45/69 MP: 12/12
  7794 | D:6      | Reached skill level 5 in Invocations
  8263 | D:7      | Reached skill level 11 in Polearms
  8358 | D:7      | Received a gift from Nemelex Xobeh
  8358 | D:7      | You fall into a shaft and drop 1 floor!
  8366 | D:8      | Found a staircase to the Lair.
  8466 | D:8      | Reached skill level 1 in Armour
  8475 | D:8      | HP: 3/69 [killer bee (2)]
  9053 | D:8      | HP: 3/69 [poisoned by a killer bee]
  9698 | D:8      | Slain by a yak

Illustrated notes

Levels and vault maps discovered:
D:1:      amcnicky_arrival_underground_garden, layout_basic,
          hangedman_abyss_or_decor_lesser_grid
D:2:      minmay_roachtagon, layout_loops_corners,
          ebering_ecumenical_altar_sacrificial, roderic_serpentine_path,
          kennysheep_generic_room_7
D:3:      layout_basic, nicolae_hepliaklqana_monster_ancestors,
          mainiacjoe_overflow_24_doors, kennysheep_nondescript,
          hex_intersection, uniq_grinder
D:4:      layout_basic, minmay_shop_mass, minmay_misc_feat_tower, st_stairs_14,
          bh_walls_and_bars
D:5:      layout_basic, vehumet_statue, overflow_temple_1_default,
          grunt_temple_overflow_open, minmay_temple_entry_glassed_door
D:6:      layout_loops_ring, minmay_small_thing
D:7:      layout_basic, overflow_temple_1_default, uniq_prince_ribbit1
D:8:      layout_cave_pods, lair_entry_dummy, kennysheep_diamond,
          serial_bayou_crossing, uniq_harold

Skill      XL: |  1  2  3  4  5  6  7  8  9 |
---------------+----------------------------+-----
Polearms       | 5 6 7 9 10 11 | 11.7
Fighting       | 3 4 5 6 |  6.5
Invocations    | 1 2 3 4 5 |  5.6
Dodging        | 5 6 7 8 |  8.3
Armour         | 2 |  2.2
Throwing       | |  2.0

Action                   |  1- 3 |  4- 6 |  7- 9 || total
-------------------------+-------+-------+-------++-------
Melee: Trident           |   105 |   177 |   222 ||   504
       Spear             |       |       |   207 ||   207
       Tailslap          |       |       |     6 ||     6
Invok: Draw Destruction  |       |     3 |     3 ||     6
Evoke: Wand              |       |       |     1 ||     1
  Use: Potion            |       |       |     3 ||     3
       Scroll            |       |       |     1 ||     1
 Stab: Sleeping          |     1 |     2 |     4 ||     7
Armor: Leather armour    |    19 |    21 |    24 ||    64
       Acid dragon scale |       |       |    30 ||    30
Dodge: Dodged            |    53 |    85 |   230 ||   368
Block: Other             |       |     8 |    29 ||    37
       Buckler           |       |       |   111 ||   111
